Map: Eternal Empire LE

Players

Erik

  • Race: Zerg Zerg
  • Spawn Location: 7:00

Kelazhur - Winner!

  • Race: Terran Terran
  • League: Master
  • Spawn Location: 1:00

Event: DreamHack SC2 Masters 2020 Fall

VOD

Have the link to the VOD?

Description

Time

  • Played on: Aug. 29, 2020, 3:01 p.m.
  • Length: 12:53

All games in this series

Show
View Real Time Build Order
Export as new Build Order

Erik Zerg 

Build Orders: Hatch First, Muta Ling Bane 

Get SALT Encoding   

  12  0:00  Drone  
  13  0:08  Drone  
  14  0:14  Extractor  
  14  0:15  Drone  
  15  0:38  Hatchery  
  15  0:42  Extractor  
  13  0:43  Drone  
  13  0:49  Overlord  
  15  1:04  Spawning Pool  
  15  1:07  Drone  
  15  1:11  Drone  
  16  1:14  Extractor  
  16  1:16  Drone  
  16  1:20  Drone  
  17  1:30  Drone  
  18  1:40  Drone  
  19  1:51  Queen x2  
  19  1:53  Zergling x2  
  24  1:55  Zergling x2  
  24  2:00  Drone  
  26  2:05  Overlord  
  26  2:13  Drone x2  
  28  2:25  Metabolic Boost  
  28  2:27  Drone x2  
  30  2:34  Queen  
  32  2:39  Drone x2  
  34  2:45  Overlord  
  34  2:52  Drone  
  34  2:58  Drone x2  
  34  3:04  Drone x5  
  41  3:06  Drone  
  42  3:17  Overlord  
  42  3:21  Extractor  
  42  3:36  Hatchery  
  42  3:38  Drone x7  
  48  3:43  Overlord  
  48  3:45  Lair  
  48  3:47  Zergling x4  
  48  3:48  Zergling x2  
  50  3:54  Overlord  
  50  4:03  Extractor  
  50  4:06  Queen, Extractor  
  50  4:07  Extractor  
  50  4:08  Zergling x4  
  50  4:09  Zergling x2  
  52  4:13  Drone x4  
  56  4:21  Drone x3  
  59  4:32  Overlord  
  59  4:34  Baneling Nest  
  59  4:35  Zergling x4  
  60  4:41  Overlord  
  60  4:47  Queen, Spire, Overseer  
  60  4:52  Spore Crawler x2  
  60  4:53  Drone x3  
  60  4:58  Queen  
  64  5:04  Drone  
  64  5:05  Drone  
  66  5:08  Extractor  
  66  5:11  Drone x4  
  66  5:13  Drone  
  66  5:14  Extractor  
  69  5:19  Centrifical Hooks  
  69  5:30  Drone x7  
  69  5:33  Baneling  
  69  5:34  Baneling x3  
  69  5:35  Zergling x2  
  77  5:41  Drone x4  
  81  5:47  Overlord  
  81  5:59  Overlord x2  
  80  6:09  Mutalisk x6  
  90  6:17  Mutalisk x3  
  96  6:24  Mutalisk  
  98  6:28  Zerg Flyer Weapons Level 1  
  98  6:32  Drone x4  
  102  6:33  Drone  
  102  6:34  Evolution Chamber  
  102  6:35  Evolution Chamber  
  101  6:46  Zergling x10  
  106  6:50  Overlord x2  
  106  7:05  Hatchery  
  106  7:06  Baneling x4  
  106  7:07  Overlord  
  105  7:09  Baneling  
  105  7:10  Zergling x6, Baneling x8  
  105  7:11  Zergling x4  
  110  7:19  Zergling x6  
  110  7:20  Zergling x2  
  110  7:35  Zergling x16  
  114  7:38  Queen  
  114  7:43  Baneling x2  
  116  7:45  Zergling x4  
  118  7:57  Drone x4  
  122  8:07  Mutalisk  
  122  8:08  Mutalisk x3  
  122  8:10  Overlord x2  
  100  8:20  Zergling x6  
  100  8:26  Zergling x2  
  102  8:29  Zergling x6  
  105  8:34  Pneumatized Carapace  
  105  8:36  Baneling  
  105  8:37  Baneling  
  105  8:38  Zergling x6  
  105  8:39  Zergling x14  
  105  8:41  Baneling x6  
  115  8:47  Mutalisk x3  
  109  8:51  Zerg Ground Armor Level 1, Zerg Melee Weapons Level 1  
  88  9:01  Mutalisk x6  
  95  9:13  Mutalisk x2  
  88  9:18  Zergling x12  
  88  9:19  Zergling x4  
  92  9:26  Mutalisk x2  
  96  9:34  Zergling x8  
  100  9:42  Drone x3  
  103  9:46  Extractor  
  102  9:55  Drone x6  
  102  9:59  Baneling x5  
  108  10:01  Drone  
  104  10:18  Mutalisk x4  
  112  10:23  Baneling x3  
  110  10:30  Drone x2  
  110  10:31  Drone x4  
  116  10:45  Mutalisk x4  
  112  10:56  Mutalisk x2  
  116  11:07  Zergling x6  
  116  11:08  Zergling x2  
  120  11:15  Hatchery  
  111  11:28  Zergling x2  
  111  11:29  Zergling x16  
  119  11:34  Overseer  
  119  11:36  Baneling x2  
  119  11:37  Baneling x6  
  119  11:46  Mutalisk  
  121  11:48  Overlord x2  
  117  12:11  Zergling x2  
  117  12:12  Zergling x10  
  116  12:16  Baneling x9  
  108  12:24  Zergling x2  
  108  12:25  Zergling x8  
  104  12:35  Zergling x4  
  104  12:36  Zergling x4  
Show
View Real Time Build Order
Export as new Build Order

Kelazhur Terran - Winner!

Build Orders: Reaper Expand, Hellion Banshee 

Get SALT Encoding   

  12  0:00  SCV  
  13  0:12  SCV  
  14  0:17  Supply Depot  
  14  0:24  SCV  
  15  0:38  SCV  
  15  0:40  Barracks  
  16  0:49  Refinery  
  16  0:50  SCV  
  17  1:03  SCV  
  18  1:15  SCV  
  19  1:27  Orbital Command  
  19  1:32  Reaper  
  20  1:40  Command Center  
  20  1:48  Supply Depot  
  20  1:53  SCV  
  21  2:04  Marine  
  21  2:05  SCV  
  23  2:11  Factory  
  23  2:17  SCV  
  23  2:18  Refinery  
  24  2:26  Barracks Reactor  
  24  2:29  SCV  
  25  2:41  SCV  
  26  2:53  Orbital Command  
  26  2:54  SCV  
  26  3:00  Starport  
  26  3:06  SCV  
  26  3:07  Hellion x2  
  26  3:10  Marine  
  32  3:18  SCV  
  32  3:19  SCV  
  34  3:29  Barracks Tech Lab, Supply Depot  
  34  3:30  SCV  
  34  3:31  SCV  
  36  3:36  Hellion x2  
  40  3:42  SCV  
  40  3:43  SCV  
  42  3:51  Banshee  
  42  3:52  Cloaking Field  
  42  3:54  SCV  
  46  3:55  Supply Depot  
  46  3:58  SCV  
  46  4:00  Hellion x2  
  51  4:06  SCV  
  52  4:10  SCV  
  53  4:19  Command Center, SCV  
  53  4:21  Barracks Tech Lab  
  53  4:22  SCV  
  55  4:33  Barracks, SCV  
  55  4:35  Barracks, Factory Reactor  
  55  4:38  Banshee  
  59  4:41  SCV  
  59  4:45  SCV  
  61  4:48  Supply Depot  
  61  4:50  Supply Depot  
  61  4:52  Stimpack, Marine  
  62  4:58  Refinery  
  62  5:07  Refinery  
  62  5:08  Engineering Bay  
  62  5:10  Engineering Bay, SCV x2  
  64  5:22  SCV x2  
  64  5:24  Marine x3  
  69  5:31  Starport Reactor, Marine x2  
  69  5:32  Siege Tank  
  69  5:33  Orbital Command  
  69  5:34  SCV x2  
  76  5:42  Marine x2  
  77  5:45  Missile Turret  
  78  5:50  SCV  
  78  5:51  Marine  
  78  5:52  Marine x2  
  78  5:54  Terran Infantry Armor Level 1, Terran Infantry Weapons Level 1, Supply Depot  
  82  6:01  Marine  
  81  6:04  Siege Tank  
  81  6:06  SCV  
  81  6:07  Marine  
  81  6:09  SCV, Marine  
  81  6:10  Orbital Command  
  86  6:13  Marine x2  
  86  6:14  Medivac x2  
  92  6:18  SCV  
  92  6:19  Marine  
  92  6:20  Armory  
  92  6:24  SCV  
  95  6:28  Marine x2  
  95  6:31  Bunker  
  95  6:32  Combat Shield, Supply Depot  
  97  6:34  Supply Depot  
  97  6:35  Marine x2  
  97  6:37  SCV, Marine  
  101  6:53  SCV x3  
  104  6:56  Medivac x2  
  104  6:58  Supply Depot  
  104  7:01  Barracks x2, Marine  
  108  7:02  Marine  
  108  7:05  SCV x2  
  108  7:06  Marine  
  108  7:07  SCV  
  113  7:09  Marine x2  
  113  7:14  Missile Turret  
  112  7:18  SCV x2  
  112  7:19  Marine x2  
  112  7:20  SCV  
  116  7:24  Marine  
  116  7:26  Supply Depot  
  117  7:37  SCV x2  
  117  7:47  Medivac, SCV, Marine x5  
  117  7:48  Refinery  
  125  7:54  Medivac  
  121  8:00  Marine  
  121  8:02  SCV, Marine  
  121  8:04  SCV  
  121  8:05  Missile Turret  
  125  8:09  Terran Infantry Weapons Level 2, Supply Depot  
  125  8:10  Supply Depot  
  125  8:11  Supply Depot  
  124  8:17  Medivac  
  112  8:20  Marine  
  112  8:21  Marine x5  
  112  8:24  Medivac, Marine  
  121  8:27  SCV x2  
  121  8:29  Factory, Refinery  
  123  8:34  Supply Depot  
  123  8:35  Terran Infantry Armor Level 2  
  123  8:37  SCV  
  123  8:38  Marine x2  
  123  8:40  Marine x4  
  130  8:47  Marine  
  128  8:54  Medivac x2  
  132  8:56  Marine x2  
  132  9:00  Marine  
  135  9:03  Marine x3  
  135  9:04  SCV x2  
  135  9:05  Marine  
  138  9:14  Marine x2  
  119  9:18  Marine  
  119  9:20  Marine  
  119  9:21  Marine x2  
  119  9:22  Drilling Claws, Command Center, Marine  
  119  9:23  Factory Reactor, Widow Mine  
  115  9:24  Medivac  
  115  9:25  Barracks x3  
  115  9:26  Medivac  
  117  9:32  Marine  
  117  9:36  Marine  
  121  9:40  Marine x2, Barracks Reactor x2  
  121  9:41  Marine  
  122  9:46  Supply Depot  
  122  9:47  Supply Depot  
  122  9:48  Widow Mine  
  124  9:54  Marine x2  
  124  9:55  Missile Turret  
  124  9:59  Marauder  
  128  10:01  Widow Mine x2, Marine  
  133  10:09  Missile Turret  
  132  10:15  Command Center  
  132  10:16  Marine x6  
  132  10:17  Marine  
  132  10:18  Marine x3  
  132  10:19  Marine  
  132  10:20  Marauder  
  145  10:24  Widow Mine x2  
  148  10:28  Thor  
  148  10:34  Marine x4  
  148  10:35  Marine  
  158  10:36  Marine  
  158  10:42  Medivac  
  145  10:51  Barracks Tech Lab x3, Marauder, Marine  
  145  10:54  Widow Mine x2  
  150  11:01  Marine  
  151  11:06  Supply Depot  
  151  11:07  Supply Depot  
  151  11:10  Marauder  
  153  11:12  Marauder  
  145  11:26  Marauder x2, Marine  
  145  11:28  Widow Mine x2  
  145  11:31  Thor  
  160  11:39  Medivac  
  162  11:42  Marauder, Marine x8  
  162  11:43  Marine  
  162  11:46  Missile Turret  
  173  11:47  Missile Turret, Marine x2  
  173  11:51  Widow Mine x2  
  179  12:00  Marine x8  
  185  12:01  Marine  
  185  12:03  Marine  
  179  12:09  Medivac x2  
  179  12:12  Widow Mine x2  
  179  12:13  Marine  
  179  12:14  Marine  
  178  12:16  Widow Mine  
  178  12:17  Marine  
  178  12:18  Marine x2  
  178  12:20  Marine  
  180  12:26  Marine x2  

Tags
 
Add a new tag
Caveats
  • Supply blocks, unpowered buildings, or Contaminate may cause inaccurate times.
  • Supply counts are checked every 10 seconds.